 Dungeon Crawl Stone Soup version 0.28.0-1-gb440e238dd (webtiles) character file.

Game seed: 7651943907878424601

1455 pyryhyry the Vexing (level 8, 0/58 HPs)
             Began as a Vampire Cinder Acolyte on Feb 24, 2022.
             Was a High Priest of Ignis.
             Succumbed to a killer bee's poison
             ... on level 8 of the Dungeon on Feb 25, 2022.
             The game lasted 00:22:47 (5994 turns).

pyryhyry the Vexing (Vampire Cinder Acolyte)        Turns: 5994, Time: 00:22:47

Health: 0/58       AC: 11    Str: 13    XL:     8   Next: 47%
Magic:  9/9        EV: 17    Int: 16    God:    Ignis [*****.]
Gold:   331        SH:  0    Dex: 12    Spells: 3/9 levels left

rFire   + . .      SeeInvis +   a - -1 short sword (flame)
rCold   . . .      Faith    .   (no shield)
rNeg    . . .      Spirit   .   b - +0 robe
rPois   .          Reflect  .   i - +0 hat
rElec   .          Harm     .   x - +0 cloak
rCorr   .          Rampage  .   (no gloves)
Will    .....                   (no boots)
Stlth   +++.......              o - amulet of magic regeneration
HPRegen 0.39/turn               m - +4 ring of evasion
MPRegen 0.51/turn               (no ring)

@: lethally poisoned (0 -> -9), fiery-armoured, healing quickly
A: alive, fangs 3, see invisible, vampiric 2, shaggy fur 1
a: Exsanguinate, Renounce Religion, Fiery Armour, Foxfire Swarm


You were on level 8 of the Dungeon.
You worshipped Ignis.
Ignis was extremely pleased with you.
You visited 1 branch of the dungeon, and saw 8 of its levels.

You collected 331 gold pieces.

Inventory:

Hand Weapons
 a - a -1 short sword of flaming (weapon)
 g - a +0 short sword
 j - the +4 flail "Mecauho" {drain, rC+ Will+ Dex+2 Stlth-}
   (You found it on level 3 of the Dungeon)

   A truly terrible weapon, it drains the life of any living foe it strikes.
   Dex:       It affects your dexterity (+2).
   rC:        It protects you from cold.
   Will:      It increases your willpower.
   Stlth:     It makes you less stealthy.
 p - a +0 long sword
 w - a +3 quarterstaff of chaos
 y - a +1 long sword
 z - a +3 scimitar
 A - a +2 short sword
Missiles
 q - 7 boomerangs (quivered)
Armour
 b - a +0 robe (worn)
 i - a +0 hat (worn)
 x - a +0 cloak (worn)
Jewellery
 f - an amulet of reflection
 m - a +4 ring of evasion (left hand)
 o - an amulet of magic regeneration (around neck)
 r - an amulet of reflection
Wands
 c - a wand of iceblast (9)
Scrolls
 d - 2 scrolls of silence
 e - a scroll of identify {unknown}
 l - a scroll of amnesia {unknown}
 n - a scroll of fog {unknown}
 s - a scroll of blinking {unknown}
 u - a scroll of immolation {unknown}
 v - a scroll of noise {unknown}
Potions
 k - a potion of mutation
 t - 2 potions of lignification {unknown}


   Skills:
 - Level 3.5 Fighting
 + Level 6.4 Short Blades
 + Level 5.3 Dodging
 - Level 7.3 Stealth
 - Level 1.0 Spellcasting
 * Level 7.5 Hexes
 - Level 2.4 Fire Magic


You had 3 spell levels left.
You knew the following spells:

 Your Spells              Type           Power      Damage    Failure   Level
a - Scorch                Fire           16%        2d6       13%         2
b - Fulminant Prism       Conj/Hex       6%         3d7       43%         4

Your spell library contained the following spells:

 Spells                   Type           Power      Damage    Failure   Level
 Ignite Poison            Fire/Tmut/Pois 3%         N/A       45%         3
 Mephitic Cloud           Conj/Pois/Air  0%         N/A       56%         3
 Flame Wave               Conj/Fire      4%         2d5       80%         4
 Iskenderun's Mystic Bla  Conj/Tloc      0%         2d3       92%         4
 Blade Hands              Tmut           0%         N/A       99%         5
 Freezing Cloud           Conj/Ice/Air   0%         6-21      99%         5
 Irradiate                Conj/Tmut      0%         3d13      99%         5
 Lee's Rapid Deconstruct  Erth           0%         3d5*      99%         5
 Summon Cactus Giant      Summ           0%         N/A       100%        6
 Dragon Form              Tmut           0%         N/A       100%        7


Dungeon Overview and Level Annotations

Branches:
Dungeon (6/15)             Temple (0/1) D:4

Altars:
Ashenzari
Sif Muna
Wu Jian


Innate Abilities, Weirdness & Mutations

Your natural rate of healing is accelerated.
You have razor-sharp teeth.
You have supernaturally acute eyesight. (SInv)
You are afflicted with vampirism and can become a bat while bloodless.
You are covered in fur. (AC +1)


Message History

Your centaur zombie dissolves into shadows!
The killer bee misses you.
You open the door.
You feel very sick. The killer bee stings you.
* * * LOW HITPOINT WARNING * * *
The killer bee stings you!
* * * LOW HITPOINT WARNING * * *
The killer bee barely misses you.
You feel better. The killer bee closely misses you.
The killer bee completely misses you. The killer bee stings you.
* * * LOW HITPOINT WARNING * * *
You are poisoned.
The killer bee poisons you! The killer bee barely misses you.
The killer bee completely misses you.
You begin to rise into the air.
You feel sick. The killer bee barely misses you.
The killer bee completely misses you. The killer bee misses you.
The killer bee closely misses you. x2
The killer bee barely misses you.
Unknown command.
A protective cloak of flame settles atop you.
You feel sick. The killer bee misses you. The killer bee closely misses you.
The killer bee stings you but does no damage.
The killer bee is burned by your cloak of flames.
The killer bee is moderately wounded.
The killer bee closely misses you. x3
You feel sick. The killer bee misses you. The killer bee stings you.
* * * LOW HITPOINT WARNING * * *
The killer bee is burned by your cloak of flames.
The killer bee is almost dead.
The killer bee closely misses you. The killer bee misses you.
The killer bee stings you!
* * * LOW HITPOINT WARNING * * *
You are more poisoned.
The killer bee poisons you!
The killer bee is burned by your cloak of flames.
You kill the killer bee!
The killer bee closely misses you.
With a burst of heat and light, you rocket upward!
You die...

... ... ##..
... .. ##+#.
#...###..#
#..@.....#
#.......##
#.........#
............#
....(........##
.........##.##
.......### ##
.......


There were no monsters in sight!

Vanquished Creatures
  Grinder (D:4)
  Eustachio (D:5)
  An ice beast (D:3)
  A centaur (D:4)
  A phantom (D:5)
  A killer bee (D:9)
  5 wights (D:6)
  A bullfrog zombie (D:5)
  2 centaur skeletons
  Crazy Yiuf (D:2)
  2 gnoll shamans
  Jessica (D:2)
  2 iguanas
  2 orc wizards
  6 adders
  9 gnolls
  An ufetubus (D:5)
  An adder skeleton (D:4)
  2 worms (D:2)
  3 dart slugs
  6 orcs
  3 ball pythons
  A bat (D:1)
  8 endoplasms
  A giant cockroach (D:2)
  4 hobgoblins
  7 jackals (D:3)
  8 kobolds
  4 quokkas
  2 frilled lizards (D:1)
  6 goblins
  4 rats
98 creatures vanquished.

Vanquished Creatures (collateral kills)
  2 killer bees (D:9)
2 creatures vanquished.

Vanquished Creatures (others)
  18 plants
18 creatures vanquished.

Grand Total: 118 creatures vanquished

Notes
Turn   | Place    | Note
-------+----------+-------------------------------------------
     0 | D:1      | pyryhyry the Vampire Cinder Acolyte began the quest for the
                  | Orb.
     0 | D:1      | Reached XP level 1. HP: 17/17 MP: 2/2
   162 | D:1      | Reached skill level 1 in Stealth
   191 | D:1      | Reached XP level 2. HP: 23/23 MP: 3/3
   230 | D:1      | Learned a level 2 spell: Scorch
   627 | D:1      | Reached skill level 1 in Dodging
   916 | D:1      | Found a faded altar of an unknown god.
  1447 | D:2      | Gained mutation: You are afflicted with vampirism and can
                  | become a bat while bloodless. [Vampire growth]
  1447 | D:2      | Reached XP level 3. HP: 28/28 MP: 4/4
  1572 | D:2      | Noticed Jessica
  1593 | D:2      | Killed Jessica
  1594 | D:2      | Reached XP level 4. HP: 26/34 MP: 2/5
  2268 | D:2      | Found a runed translucent door.
  2269 | D:2      | Noticed Crazy Yiuf
  2948 | D:3      | Reached skill level 5 in Stealth
  3046 | D:3      | Reached XP level 5. HP: 40/40 MP: 1/6
  3106 | D:3      | Identified the +4 flail "Mecauho" {drain, rC+ Will+ Dex+2
                  | Stlth-}
  3114 | D:3      | Found a shimmering blue altar of Sif Muna.
  3485 | D:4      | Noticed an ice beast
  3581 | D:3      | HP: 2/40 [ice beast (7)]
  3623 | D:3      | Killed an ice beast
  3753 | D:4      | Reached XP level 6. HP: 46/47 MP: 7/7
  3799 | D:4      | Gained mutation: You have sharp toenails. [potion of
                  | mutation]
  3799 | D:4      | Lost mutation: You have sharp toenails. [potion of
                  | mutation]
  3799 | D:4      | Gained mutation: You are covered in fur. (AC +1) [potion of
                  | mutation]
  3833 | D:5      | Entered Level 5 of the Dungeon
  3833 | D:5      | Found a broken altar of Ashenzari.
  3944 | D:5      | Found an ornate altar of the Wu Jian Council.
  4494 | D:5      | Learned a level 4 spell: Fulminant Prism
  4529 | D:5      | Reached skill level 5 in Short Blades
  4529 | D:5      | Reached skill level 1 in Hexes
  4529 | D:5      | Reached XP level 7. HP: 52/52 MP: 8/8
  4557 | D:5      | Noticed Eustachio
  4568 | D:5      | Killed Eustachio
  4964 | D:4      | Found a staircase to the Ecumenical Temple.
  4983 | D:4      | Noticed Grinder
  4987 | D:4      | Killed Grinder
  4988 | D:4      | Reached skill level 5 in Hexes
  5144 | D:4      | Reached XP level 8. HP: 58/58 MP: 7/9
  5513 | D:2      | Killed Crazy Yiuf
  5765 | D:6      | Reached skill level 5 in Dodging
  5849 | D:6      | You fall into a shaft and drop 3 floors!
  5993 | D:9      | HP: 2/58 [killer bee (7)]
  5994 | D:8      | Succumbed to a killer bee's poison

Illustrated notes

Levels and vault maps discovered:
D:1:      minmay_arrival_radiant_lines, layout_loops_corners,
          chequers_ecumenical_altar_simple_redux
D:2:      layout_loops_corners, uniq_jessica, uniq_crazy_yiuf_cottage
D:3:      layout_rooms, lemuel_blue_sif_altar
D:4:      layout_basic, temple_pool_b, uniq_grinder
D:5:      layout_cave_pools, ashenzari_altar_1, mainiacjoe_overflow_brackets,
          serial_column_ruins, column_ruins_hut, column_ruins_corridor_corner,
          column_ruins_open_tiny, column_ruins_open_tiny,
          column_ruins_open_tiny, column_ruins_open_large, serial_bayou_lake_a,
          uniq_eustachio
D:6:      layout_loops_cross, serial_bayou_pond_a,
          chequers_serial_rivers_small_b
D:8:      layout_cave_pools, lightli_temple_of_fire, serial_shops,
          shop_fountains, kennysheep_mini, shop, shop, uniq_gastronok
D:9:      layout_roguey, overflow_temple_1_default

Skill      XL: |  1  2  3  4  5  6  7  8 |
---------------+-------------------------+-----
Stealth        | 1 3 4 5 6 7 |  7.3
Dodging        | 1 2 3 4 5 |  5.3
Short Blades   | 4 5 6 |  6.4
Fighting       | 3 |  3.5
Hexes          | 1 5 7 |  7.5
Spellcasting   | |  1.0
Fire Magic     | |  2.4

Action                   |  1- 3 |  4- 6 |  7- 9 || total
-------------------------+-------+-------+-------++-------
Melee: Short sword       |    68 |   182 |    12 ||   262
       Punch             |     3 |     6 |       ||     9
       Bite              |     2 |    17 |     1 ||    20
 Cast: Scorch            |    11 |    52 |    36 ||    99
Invok: Fiery Armour      |     1 |       |     1 ||     2
       Rising Flame      |       |       |     1 ||     1
Evoke: Wand              |       |       |     1 ||     1
  Use: Potion            |       |     5 |     1 ||     6
       Scroll            |       |     2 |     2 ||     4
 Stab: Sleeping          |     3 |     9 |     2 ||    14
       Distracted        |       |       |     2 ||     2
Armor: Robe              |    14 |    20 |     1 ||    35
Dodge: Dodged            |    45 |   168 |    58 ||   271
